 Dungeon Crawl Stone Soup version 0.19-a0-1168-g98094fc (webtiles) character file.

643292 mrath the Metallomancer (level 27, -14/155 HPs)
             Began as a Gargoyle Earth Elementalist on Aug 8, 2016.
             Was the Champion of Vehumet.
             Killed from afar by an orb of fire (27 damage)
             ... with a fireball
             ... on level 1 of the Realm of Zot on Aug 16, 2016.
             The game lasted 16:26:09 (146313 turns).

mrath the Metallomancer (GrEE)                    Turns: 146313, Time: 16:26:10

Health: -14/155    AC: 49    Str: 10    XL:     27
Magic:  8/46       EV: 17    Int: 28    God:    Vehumet [******]
Gold:   2139       SH: 18    Dex: 11    Spells: 12 memorised, 10 levels left

rFire  + + .     SeeInvis +     E - staff of energy
rCold  . . .     Gourm    .     q - +3 ring mail {rF+}
rNeg   + . .     Faith    .     S - +1 shield {rF+}
rPois  ∞         Spirit   .     Z - +3 crown of Dyrovepreva {rElec Int+2 SInv}
rElec  +         Dismiss  .     T - +1 cloak {rPois}
rCorr  .         Reflect  +     f - +2 pair of gloves {archery}
MR     +++..     Harm     .     D - +2 pair of boots {run}
Stlth  ++........               i - +4 amulet of reflection
                                m - ring of Disaster {MR+ Str-5 Int+2 Stlth+}
                                l - ring of wizardry

@: studying Fighting, quick
A: big wings, iridescent scales 1, rough black scales 1, agile 1, dopey 1, frail
1, negative energy resistance 1, screaming 1, electricity resistance,
unbreathing, petrification resistance, rot immunity, sturdy frame 1, AC +20
a: Fly, Renounce Religion
}: 3/15 runes: decaying, silver, gossamer


You were on level 1 of the Realm of Zot.
You worshipped Vehumet.
Vehumet was exalted by your worship.
You were not hungry.

You visited 10 branches of the dungeon, and saw 46 of its levels.
You visited 2 bazaars.
You also visited: Volcano and Wizlab.

You collected 7749 gold pieces.
You spent 5610 gold pieces at shops.

Inventory:

Hand Weapons
 g - the +8 war axe "Afromit" {holy, MR+ Dex+7}
   (You found it on level 6 of the Lair of Beasts)

   It has been blessed by the Shining One to cause great damage to the undead
   and demons.
   It affects your dexterity (+7).
   It affects your resistance to hostile enchantments.
 y - the +9 mace of Agony {flame, rN++ Dex+4 Stlth-}
   (You bought it in a shop in a bazaar)

   It has been specially enchanted to burn those struck by it, causing extra
   injury to most foes and up to half again as much damage against particularly
   susceptible opponents.
   It affects your dexterity (+4).
   It greatly protects you from negative energy.
   It makes you less stealthy.
 A - the +5 shortbow of Pohea {flame, MR+ Str+2 Dex+2, unknown}
   (You found it on level 1 of the Realm of Zot)

   It causes projectiles fired from it to burn those they strike, causing extra
   injury to most foes and up to half again as much damage against particularly
   susceptible opponents.
   It affects your strength (+2).
   It affects your dexterity (+2).
   It affects your resistance to hostile enchantments.
Missiles
 I - 8 javelins of penetration
 M - 15 javelins (quivered)
Armour
 f - a +2 pair of gloves of archery (worn)
 q - a +3 ring mail of fire resistance (worn)
 t - the +2 helmet of Ashusumn {Str+10 Int-3 Dex-5, unknown}
   (You found it on level 1 of the Realm of Zot)

   It affects your strength (+10).
   It affects your intelligence (-3).
   It affects your dexterity (-5).
 v - the cursed +0 chain mail "Lefem" {MR+ Str+3 Dex-4, unknown}
   (You found it on level 1 of the Realm of Zot)

   It affects your strength (+3).
   It affects your dexterity (-4).
   It affects your resistance to hostile enchantments.
   It has a curse placed upon it.
 D - a +2 pair of boots of running (worn)
 N - the +8 ring mail "Xaiddui" {Slay+2, unknown}
   (You found it on level 1 of the Realm of Zot)

   It affects your accuracy and damage with ranged weapons and melee attacks
   (+2).
 S - a +1 shield of fire resistance (worn)
 T - a +1 cloak of poison resistance (worn)
 Z - the +3 crown of Dyrovepreva (worn) {rElec Int+2 SInv}
   (You bought it in a shop on level 3 of the Elven Halls)

   It affects your intelligence (+2).
   It insulates you from electricity.
   It lets you see invisible.
Magical Staves
 E - an uncursed staff of energy (weapon)
Rods
 x - a +4 rod of inaccuracy (12/12)
   (You took it off an orc on level 11 of the Dungeon)
Jewellery
 i - a +4 amulet of reflection (around neck)
 l - a ring of wizardry (left hand)
 m - the ring of Disaster (right hand) {MR+ Str-5 Int+2 Stlth+}
   (You took it off a deep elf blademaster on level 3 of the Elven Halls)

   [ring of intelligence]

   It affects your strength (-5).
   It affects your intelligence (+2).
   It affects your resistance to hostile enchantments.
   It makes you more stealthy.
 n - a +5 ring of strength
 V - an uncursed ring of stealth {unknown}
Wands
 w - a wand of random effects (21/48)
 B - a wand of iceblast (15/15)
 H - a wand of lightning (4/15)
 K - a wand of lightning (7/15)
 Q - a wand of disintegration (4/24)
 U - a wand of teleportation (5/9)
Scrolls
 a - a scroll of recharging
 b - 8 scrolls of fog
 c - a scroll of enchant weapon
 d - 6 scrolls of blinking
 h - 21 scrolls of remove curse
 k - 10 scrolls of teleportation
 z - 6 scrolls of identify
Potions
 e - a potion of heal wounds
 j - 2 potions of cure mutation
 p - 5 potions of haste
 s - 2 potions of magic
 F - 18 potions of curing
 G - 3 potions of agility
 L - a potion of brilliance
 P - a potion of resistance
 R - 6 potions of cancellation
 W - a potion of invisibility
Books
 X - a manual of Fighting
Miscellaneous
 u - a phial of floods
 O - 3 boxes of beasts
 Y - a fan of gales
Comestibles
 o - 3 royal jellies
 r - a slice of pizza
 C - a meat ration
 J - 16 fruits


   Skills:
 + Level 18.1 Fighting
 + Level 9.4 Maces & Flails
 + Level 16.7 Armour
 + Level 13.4 Dodging
 - Level 2.1 Stealth
 + Level 17.1 Shields
 + Level 19.3 Spellcasting
 + Level 16.8 Conjurations
   Level 0.7 Transmutations
 + Level 14.9 Fire Magic
 + Level 22.1 Earth Magic
 + Level 14.3 Evocations


You had 10 spell levels left.
You knew the following spells:

 Your Spells              Type           Power        Failure   Level  Hunger
a - Sandblast             Erth           ######       0%          1    None
b - Stone Arrow           Conj/Erth      ######       0%          3    None
c - Lee's Rapid Deconstr  Erth           ########..   0%          5    None
d - Magic Dart            Conj           ####         0%          1    None
e - Mephitic Cloud        Conj/Pois/Air  ######..     1%          3    None
f - Iskenderun's Mystic   Conj           #######.     1%          4    None
g - Iron Shot             Conj/Erth      #######...   1%          6    None
h - Bolt of Fire          Conj/Fire      #######...   1%          6    None
i - Bolt of Cold          Conj/Ice       ######....   1%          6    None
j - Bolt of Draining      Conj/Necr      ######....   1%          5    None
k - Venom Bolt            Conj/Pois      ######....   1%          5    None
l - Shatter               Erth           ########..   3%          9    None


Dungeon Overview and Level Annotations

Branches:
Dungeon (15/15)            Temple (1/1) D:5            Lair (6/6) D:11
  Swamp (4/4) Lair:2       Spider (4/4) Lair:3        Slime (0/5) Lair:6
    Orc (2/2) D:12            Elf (3/3) Orc:2        Vaults (5/5) D:14
  Crypt (0/3) Vaults:2     Depths (5/5) D:15            Zot (1/5) Depths:5

Altars:
Ashenzari
Cheibriados
Dithmenos
Elyvilon
Fedhas
Gozag
Hepliaklqana
Kikubaaqudgha
Makhleb
Nemelex Xobeh
Okawaru
Pakellas
Qazlal
Ru
Sif Muna
Trog
Uskayaw
Vehumet
Xom
Yredelemnul
Zin
The Shining One
Jiyva
Lugonu

Shops:
D:13 *   Orc:2 %[(?   Elf:3 [   Vaults:2 (   Vaults:4 [   Depths:1 *
Depths:2 =   Depths:4 =}=

Portals:
Hell: Depths:1 Depths:2 Depths:3 Depths:4 Depths:5
Abyss: Depths:1 Depths:3 Depths:4
Pandemonium: Depths:3
Ziggurat: Depths:2
Trove: Vaults:2 (give 5 potions of cure mutation)

Annotations:
D:9 Gastronok
Lair:6 Duffy's ghost, journeyman DDGl
Vaults:3 p0werm0de's ghost, adept DsWn
Depths:3 exclusion: juggernaut


Innate Abilities, Weirdness & Mutations

You are resistant to torment.
Your stone body is resilient. (AC +20)
You are immune to poison.
Your large and strong wings let you fly indefinitely.
You resist negative energy. (rN+)
You are resistant to electric shocks. (rElec)
You can survive without breathing.
You are immune to petrification.
You are immune to rotting.
You are partially covered in iridescent scales. (AC +2)
You are partially covered in rough black scales. (AC +2, Dex -1)
You are agile. (Dex +2)
You are dopey. (Int -2)
You are frail. (-10% HP)
You occasionally shout uncontrollably at your foes.
Your movements are slightly less encumbered by armour. (ER -2)


Message History

The orb of fire emits a lurid red light.
Strange energies course through your body.
You feel stupid.
The orb of fire glows bright magenta.
The fireball explodes!
The fireball engulfs you! You resist.
* * * LOW HITPOINT WARNING * * *
The orb of fire glows bright magenta.
The bolt of fire hits you! You resist.
* * * LOW HITPOINT WARNING * * *
The orb of fire glows bright magenta.
Strange energies course through your body.
You feel the urge to shout.
You feel much better.
The orb of fire glows red.
The fireball explodes!
The fireball engulfs you! You resist.
* * * LOW HITPOINT WARNING * * *
You hear a roar!
The orb of fire emits a lurid red light.
The fireball explodes!
The fireball engulfs you! You resist.
You die...

...........#####....#............
.....##.............###...[......
....###.............# #.........$
....# #.............###....#.....
....# #..............##....##....
....###.....###.......#....##....
.(..##......# ##...........##....
............####..........###....
................@..*......# ...#
............∩...................#
.................................
...##............................
...######......#####..........>..
...[####.......######............
.................................
.................................
...................... .....##.


You could see an orb of fire.

Vanquished Creatures
  2 ancient liches
  Mara (Spider:4)
  Sojobo (Depths:4)
  5 juggernauts
  3 caustic shrikes
  Nikola (Swamp:1)
  10 golden dragons
  Arachne (Spider:2)
  An electric golem (Zot:1)
  Jorgrun (Spider:4)
  A Cloud Mage (WizLab)
  4 liches
  8 tentacled monstrosities
  4 titans
  4 quicksilver dragons
  3 deep elf blademasters (Elf:3)
  Frances (D:12)
  4 sphinxes
  A thorn hunter (Swamp:4)
  14 tengu reavers
  14 storm dragons
  Kirke (Lair:2)
  A draconian monk (Depths:4)
  4 shadow dragons
  14 fire giants
  Donald (Spider:1)
  Louise (Spider:1)
  8 frost giants
  7 deep elf sorcerers
  3 iron dragons
  An iron dragon (shapeshifter) (Vaults:4)
  5 ghost moths
  2 deep elf elementalists
  9 emperor scorpions
  A balrug (Depths:4)
  18 vault wardens
  3 spriggan defenders
  Aizul (Spider:1)
  37 very ugly things
  18 ironheart preservers
  13 deep elf annihilators
  3 entropy weavers
  4 vampire knights
  2 black draconians (Depths:5)
  28 stone giants
  A draconian caller (Depths:5)
  8 deep elf demonologists
  3 purple draconians (Depths:5)
  9 spark wasps
  A merfolk javelineer (Depths:2)
  A white draconian (Depths:5)
  17 ettins
  7 deep elf death magi
  3 merfolk impalers
  4 jiangshi
  7 fire dragons
  Erolcha (D:9)
  10 great orbs of eyes
  7 deep elf high priests
  20 ice dragons
  Josephine (Spider:1)
  41 vault guards
  16 yaktaur captains
  2 rakshasas
  Fannar (Orc:1)
  39 hydras
  A ghost crab (Swamp:1)
  8 spriggan air magi
  A merfolk avatar (Lair:6)
  A catoblepas (Lair:5)
  An ice dragon (shapeshifter) (Vaults:5)
  The ghost of Ajdolov the Basher, a journeyman FoAK of Lugonu (Volcano)
  The ghost of Ajdolov the Carver, a journeyman OpGl of Dithmenos (Lair:2)
  9 alligators
  10 centaur warriors
  6 death knights
  10 death yaks
  12 deep troll shamans
  11 deep troll earth magi
  A titan zombie (Vaults:4)
  21 ogre magi
  22 tengu warriors
  35 dancing weapons
  4 vampire magi
  21 spriggans
  A hell knight (Depths:4)
  12 spriggan berserkers
  A storm dragon zombie (Vaults:3)
  31 deep elf knights
  A soul eater (Vaults:2)
  2 sun demons (Depths:4)
  4 iron trolls
  A salamander mystic (Depths:1)
  9 unseen horrors
  5 shadow wraiths
  6 skeletal warriors
  5 spriggan druids
  42 deep trolls
  16 swamp dragons
  10 wizards
  2 giant orange brains (shapeshifter)
  A fire crab (shapeshifter) (Vaults:2)
  A swamp dragon (shapeshifter) (Depths:4)
  An unseen horror (shapeshifter) (Depths:1)
  A flayed ghost (Vaults:2)
  12 hill giants
  A sea snake (shapeshifter) (Vaults:5)
  An anubis guard (shapeshifter) (Depths:2)
  An obsidian statue (D:11)
  2 shambling mangroves
  3 giant orange brains
  15 orc knights
  16 ironbrand convokers
  3 phantasmal warriors
  An orange crystal statue (Depths:3)
  A wolf spider zombie (D:15)
  26 deep elf archers
  7 harpies
  2 necromancers
  18 orb spiders
  71 ugly things
  22 wolf spiders
  2 salamanders (Depths:1)
  115 deep elf magi
  11 hornets
  A human zombie (Vaults:4)
  A wolf spider (shapeshifter) (D:14)
  10 griffons
  A cyclops (shapeshifter) (D:14)
  6 manticores
  6 cyclopes
  An ice statue (Vaults:3)
  8 moths of wrath (Zot:1)
  3 black mambas
  A black mamba (shapeshifter) (Vaults:2)
  Joseph (Lair:1)
  21 vault sentinels
  15 elephants
  2 torpor snails
  Psyche (D:9)
  A molten gargoyle (Volcano)
  A storm dragon simulacrum (Vaults:1)
  2 gargoyles
  15 komodo dragons
  2 efreet
  36 spiny frogs
  2 rime drakes (shapeshifter) (D:14)
  A kobold demonologist (D:14)
  10 freezing wraiths
  41 yaktaurs
  7 demonic crawlers
  10 rime drakes
  2 human skeletons
  33 jumping spiders
  5 tengu conjurers
  6 meliai
  10 trolls
  9 giant leeches
  2 two-headed ogres (shapeshifter)
  41 two-headed ogres
  A wind drake (shapeshifter) (Depths:5)
  10 wind drakes
  44 blink frogs
  45 slime creatures
  A merfolk (D:10)
  6 bog bodies
  9 boulder beetles
  A boulder beetle (shapeshifter) (Depths:3)
  A centaur simulacrum (D:15)
  A tarantella (shapeshifter) (Elf:2)
  25 water elementals
  67 redbacks
  2 vampires
  10 wraiths
  36 air elementals
  A wyvern (D:14)
  An ettin skeleton (Vaults:3)
  26 tarantellas
  A fire bat (shapeshifter) (Depths:3)
  6 shadows
  2 fire bats (Volcano)
  A human (Swamp:1)
  50 yaks
  5 fire elementals
  16 hippogriffs
  Grum (D:9)
  A golden eye (shapeshifter) (Depths:3)
  37 vampire mosquitoes
  6 basilisks
  7 hungry ghosts
  26 insubstantial wisps
  4 mottled dragons
  25 swamp worms
  7 wargs
  A water moccasin (shapeshifter) (Depths:3)
  3 soldier ants
  2 giant eyeballs (shapeshifter)
  15 porcupines
  26 water moccasins
  A deep troll skeleton (Vaults:3)
  7 sky beasts
  Duvessa (D:4)
  33 wasps
  5 ice beasts
  14 swamp drakes
  39 orc warriors
  2 phantoms
  3 black bears
  An ettin simulacrum (Vaults:3)
  An eye of draining (D:12)
  15 boggarts
  A necrophage (D:11)
  19 wolves
  88 ogres
  2 tengu (shapeshifter) (Vaults:2)
  18 crocodiles
  16 centaurs
  A crocodile (shapeshifter) (Vaults:4)
  8 big kobolds
  2 earth elementals
  22 giant frogs
  A gnoll sergeant (D:12)
  Dowan (D:4)
  10 scorpions
  2 wyvern skeletons
  26 killer bees
  8 wights
  3 jellies
  4 electric eels
  7 howler monkeys
  5 giant frog zombies
  10 crimson imps
  3 centaur zombies
  10 hounds
  A human simulacrum (Vaults:1)
  9 lava snakes (Volcano)
  A gnoll shaman (D:4)
  3 giant frog skeletons
  20 orc priests
  7 centaur skeletons
  An iron imp (Depths:3)
  7 iguanas
  37 orc wizards
  A hell rat (Depths:3)
  13 worker ants
  A killer bee zombie (D:4)
  12 sheep
  A hound zombie (D:11)
  2 worker ant zombies
  7 gnolls
  15 adders
  39 river rats
  4 shadow imps
  An adder zombie (D:5)
  4 adder skeletons
  2 worms (D:2)
  4 dart slugs
  6 giant geckos
  108 orcs
  A bat skeleton (D:2)
  3 bat zombies (D:2)
  7 giant cockroaches
  5 hobgoblins
  10 jackals
  21 kobolds
  4 quokkas
  A ball python (D:1)
  16 bats
  A giant cockroach zombie (D:6)
  3 giant newts
  8 goblins
  A jackal zombie (D:7)
  5 rats
  A crawling corpse (Vaults:5)
  A fire vortex (Volcano)
  6 fungi
  A plant (Swamp:3)
2759 creatures vanquished.

Vanquished Creatures (others)
  A vault warden (Vaults:5)
  6 stone giants
  4 yaktaur captains
  A spriggan air mage (Depths:3)
  2 centaur warriors
  A spriggan berserker (Swamp:4)
  A shadow wraith (Vaults:5)
  5 deep elf archers
  A deep elf mage (D:12)
  A wolf spider (Spider:2)
  3 cyclopes
  9 yaktaurs
  A freezing wraith (D:14)
  A redback (Spider:2)
  2 humans
  A vampire mosquito (D:15)
  A wasp (Depths:3)
  3 centaurs
  A killer bee (D:11)
  2 orcs
  A crawling corpse (Vaults:5)
  37 fungi
  52 plants
137 creatures vanquished.

Grand Total: 2896 creatures vanquished

Notes
Turn   | Place    | Note
-------+----------+-------------------------------------------
     0 | D:1      | mrath the Gargoyle Earth Elementalist began the quest for the Orb.
     0 | D:1      | Reached XP level 1. HP: 10/10 MP: 3/3
   159 | D:1      | Reached XP level 2. HP: 15/15 MP: 0/5
   498 | D:1      | Reached skill level 4 in Earth Magic
  1359 | D:2      | Reached XP level 3. HP: 17/19 MP: 4/7
  1548 | D:2      | Learned a level 3 spell: Stone Arrow
  1766 | D:2      | Reached skill level 1 in Conjurations
  2382 | D:2      | Reached XP level 4. HP: 24/24 MP: 5/8
  2438 | D:2      | Found an ancient bone altar of Kikubaaqudgha.
  3088 | D:3      | Noticed a centaur
  3102 | D:3      | Killed a centaur
  3102 | D:3      | Reached XP level 5. HP: 20/28 MP: 0/10
  3368 | D:3      | Reached skill level 5 in Earth Magic
  3451 | D:3      | Found an iron altar of Okawaru.
  3451 | D:3      | Found a bloodstained altar of Trog.
  4061 | D:3      | Reached XP level 6. HP: 32/32 MP: 10/12
  4363 | D:3      | Learned a level 5 spell: Lee's Rapid Deconstruction
  4365 | D:4      | Found a blossoming altar of Fedhas.
  5094 | D:4      | Reached skill level 5 in Spellcasting
  5094 | D:4      | Reached XP level 7. HP: 36/36 MP: 0/14
  5455 | D:4      | Noticed Duvessa
  5460 | D:4      | Noticed Dowan
  5494 | D:3      | Reached skill level 6 in Earth Magic
  5777 | D:4      | Killed Duvessa
  5956 | D:4      | Killed Dowan
  6221 | D:4      | Found a hazy altar of Hepliaklqana.
  6260 | D:5      | Entered Level 5 of the Dungeon
  6267 | D:5      | Reached XP level 8. HP: 41/41 MP: 3/16
  6649 | D:5      | Found a staircase to the Ecumenical Temple.
  6666 | Temple   | Entered the Ecumenical Temple
  6970 | D:5      | Reached skill level 1 in Fighting
  6970 | D:5      | Reached skill level 1 in Armour
  7102 | D:5      | Reached skill level 1 in Shields
  7233 | D:5      | Reached skill level 1 in Evocations
  7320 | D:5      | Found a radiant altar of Vehumet.
  7327 | D:5      | Became a worshipper of Vehumet
  7336 | D:5      | Found a shadowy altar of Dithmenos.
  8244 | D:5      | Reached skill level 7 in Earth Magic
  8359 | D:5      | Reached XP level 9. HP: 49/49 MP: 7/18
  9235 | D:7      | Found an opulent altar of Gozag.
 10335 | D:8      | Noticed a two-headed ogre
 10337 | D:8      | Reached skill level 5 in Conjurations
 10596 | D:8      | Reached * piety under Vehumet
 10596 | D:8      | Offered knowledge of Magic Dart by Vehumet.
 10599 | D:8      | Learned a level 1 spell: Magic Dart
 11248 | D:8      | Killed a two-headed ogre
 11905 | D:8      | Reached XP level 10. HP: 56/56 MP: 10/21
 12118 | D:9      | Noticed Psyche
 12477 | D:9      | Found a sacrificial altar of Ru.
 12590 | D:9      | Noticed Erolcha
 12621 | D:9      | Killed Erolcha
 12621 | D:9      | Reached skill level 8 in Earth Magic
 13105 | D:9      | Noticed Gastronok
 13292 | D:9      | Found a deep blue altar of Sif Muna.
 13323 | D:9      | Killed Psyche
 13416 | D:9      | Noticed Grum
 13419 | D:9      | Killed Grum
 13929 | D:9      | Reached skill level 5 in Armour
 13934 | D:9      | Reached ** piety under Vehumet
 13934 | D:9      | Offered knowledge of Flame Tongue by Vehumet.
 13941 | D:9      | Reached skill level 5 in Fighting
 14252 | D:10     | Entered Level 10 of the Dungeon
 14341 | D:10     | Reached XP level 11. HP: 51/63 MP: 7/23
 14967 | D:10     | Reached skill level 5 in Shields
 15591 | D:10     | Found a basalt altar of Yredelemnul.
 15751 | D:10     | Offered knowledge of Mephitic Cloud by Vehumet.
 15869 | D:10     | Learned a level 3 spell: Mephitic Cloud
 16207 | D:10     | Reached *** piety under Vehumet
 16740 | D:11     | Noticed a hill giant
 16839 | D:11     | Noticed a hill giant
 16848 | D:11     | Killed a hill giant
 16848 | D:11     | Reached skill level 9 in Earth Magic
 17462 | D:11     | Noticed a hill giant
 17477 | D:11     | Killed a hill giant
 17665 | D:11     | Noticed a death knight
 17748 | D:11     | Noticed an obsidian statue
 17750 | D:11     | Offered knowledge of Iskenderun's Mystic Blast by Vehumet.
 17754 | D:11     | Noticed a six-headed hydra
 17768 | D:11     | Killed a six-headed hydra
 17768 | D:11     | Reached skill level 5 in Evocations
 17891 | D:11     | Killed a hill giant
 17891 | D:11     | Reached XP level 12. HP: 58/69 MP: 19/25
 18011 | D:10     | Identified a +4 rod of inaccuracy (12/12) (You took it off an orc on level 11 of the Dungeon)
 18144 | D:11     | Found a staircase to the Lair.
 18166 | Lair:1   | Entered Level 1 of the Lair of Beasts
 18585 | D:11     | Reached **** piety under Vehumet
 18708 | D:11     | Reached skill level 5 in Dodging
 18790 | D:11     | Learned a level 4 spell: Iskenderun's Mystic Blast
 18790 | D:11     | Upgraded the game from 0.19-a0-1091-g463c9de to 0.19-a0-1097-g38e3b35
 19483 | Lair:1   | Noticed Joseph
 19491 | Lair:1   | Killed Joseph
 19919 | Lair:2   | Noticed Ajdolov's ghost (journeyman OpGl)
 20212 | Lair:2   | Found a staircase to the Swamp.
 20377 | Lair:2   | Offered knowledge of Inner Flame by Vehumet.
 20377 | Lair:2   | Reached skill level 10 in Earth Magic
 20720 | Lair:2   | Reached skill level 10 in Spellcasting
 21980 | Lair:2   | Killed Ajdolov's ghost
 22385 | D:11     | Reached XP level 13. HP: 71/76 MP: 17/27
 23458 | D:11     | Reached ***** piety under Vehumet
 23615 | D:11     | Got a fine buckler
 23636 | D:11     | Identified the -6 buckler of Love and Death {rPois rN+ rCorr Stlth+} (You found it on level 11 of the Dungeon)
 23767 | Lair:2   | Learned a level 3 spell: Inner Flame
 23820 | Lair:3   | Offered knowledge of Bolt of Fire by Vehumet.
 23830 | Lair:2   | Learned a level 6 spell: Bolt of Fire
 24278 | Lair:3   | Reached skill level 1 in Fire Magic
 25143 | Lair:3   | Found a hole to the Spider Nest.
 25793 | Lair:3   | Reached skill level 11 in Earth Magic
 27122 | Lair:2   | Gained mutation: Your large and strong wings let you fly indefinitely. [Gargoyle growth]
 27122 | Lair:2   | Reached XP level 14. HP: 18/84 MP: 8/28
 28625 | Lair:4   | Offered knowledge of Spellforged Servitor by Vehumet.
 30316 | Lair:6   | Entered Level 6 of the Lair of Beasts
 31001 | Lair:6   | Found a viscous altar of Jiyva.
 31001 | Lair:6   | Found a staircase to the Slime Pits.
 31030 | Lair:6   | Noticed Duffy's ghost (journeyman DDGl)
 32707 | Lair:5   | Reached skill level 5 in Fire Magic
 33627 | Lair:6   | Reached skill level 12 in Earth Magic
 33918 | Lair:6   | Reached XP level 15. HP: 90/90 MP: 30/30
 34276 | Lair:5   | HP: 3/90 [wind drake/the air (20)]
 34936 | Lair:5   | Offered knowledge of Iron Shot by Vehumet.
 35584 | Lair:3   | Upgraded the game from 0.19-a0-1097-g38e3b35 to 0.19-a0-1111-gcceb26a
 35606 | Lair:3   | Learned a level 6 spell: Iron Shot
 37363 | Lair:6   | Got a scorched war axe
 38172 | Lair:2   | Identified the +8 war axe "Afromit" {holy, MR+ Dex+7} (You found it on level 6 of the Lair of Beasts)
 38270 | D:11     | Got a fine eveningstar
 38283 | D:11     | Identified the +6 eveningstar "Jalatiso" {crush, rPois} (You found it on level 11 of the Dungeon)
 38874 | D:12     | Reached skill level 1 in Maces & Flails
 39258 | D:12     | Found a staircase to the Orcish Mines.
 39267 | D:12     | Offered knowledge of Yara's Violent Unravelling by Vehumet.
 40000 | D:12     | Reached skill level 10 in Conjurations
 40603 | D:12     | Reached skill level 10 in Fighting
 40824 | D:12     | Reached skill level 10 in Shields
 42201 | D:12     | Reached XP level 16. HP: 97/97 MP: 30/31
 42860 | D:12     | Noticed Frances
 43120 | Orc:1    | Entered Level 1 of the Orcish Mines
 43120 | Orc:1    | Found a dark tunnel.
 43518 | Volcano  | Entered a volcano
 43546 | Volcano  | Noticed Ajdolov's ghost (journeyman FoAK)
 43561 | Volcano  | Killed Ajdolov's ghost
 43996 | Volcano  | Found a burning altar of Makhleb.
 44337 | Orc:1    | Noticed Fannar
 44350 | Orc:1    | Killed Fannar
 44437 | D:12     | Reached skill level 10 in Armour
 44819 | Orc:2    | Entered Level 2 of the Orcish Mines
 44978 | Orc:2    | Reached ****** piety under Vehumet
 44978 | Orc:2    | Offered knowledge of Poison Arrow by Vehumet.
 45406 | Orc:2    | Found Lesaykh's Antique Armour Boutique.
 45406 | Orc:2    | Found Ymytig's Food Shoppe.
 45483 | Orc:2    | Found Kawann's Magic Scroll Emporium.
 45483 | Orc:2    | Found Jyiros's Weapon Boutique.
 45669 | Orc:2    | Bought a glowing cloak for 126 gold pieces
 45678 | Orc:2    | Bought a scroll of identify for 30 gold pieces
 45678 | Orc:2    | Bought a scroll of identify for 30 gold pieces
 45678 | Orc:2    | Bought a scroll of magic mapping for 52 gold pieces
 45714 | Orc:2    | Found a staircase to the Elven Halls.
 48527 | D:13     | Offered knowledge of Freezing Cloud by Vehumet.
 48674 | D:13     | Found Hous's Assorted Antiques.
 49260 | D:14     | Found a gate to the Vaults.
 51374 | D:15     | Entered Level 15 of the Dungeon
 51570 | D:15     | Reached skill level 13 in Earth Magic
 52444 | D:15     | Reached XP level 17. HP: 103/103 MP: 33/33
 52449 | D:15     | Offered knowledge of Ozocubu's Refrigeration by Vehumet.
 52961 | D:15     | Found an iron altar of Okawaru.
 53159 | D:15     | Found a deep blue altar of Sif Muna.
 53610 | D:15     | Found a staircase to the Depths.
 54312 | Swamp:1  | Entered Level 1 of the Swamp
 54523 | Swamp:1  | Noticed Kirke
 54535 | Lair:2   | Killed Kirke
 55053 | Lair:2   | Offered knowledge of Glaciate by Vehumet.
 55053 | Lair:2   | Offered knowledge of Shatter by Vehumet.
 55053 | Lair:2   | Offered knowledge of Chain Lightning by Vehumet.
 55306 | Swamp:1  | Got an opalescent robe
 55307 | Swamp:1  | Identified the cursed +1 robe "Ixepeu" {*Confuse rElec rN++ MP+9} (You found it on level 1 of the Swamp)
 55939 | Swamp:1  | Noticed Nikola
 56382 | Swamp:1  | Killed Nikola
 57478 | Swamp:2  | Got a brightly glowing short sword
 57654 | Lair:2   | Identified the +8 short sword of Rifru {elec, rElec rPois Int+2} (You found it on level 2 of the Swamp)
 60082 | Swamp:3  | Reached XP level 18. HP: 110/110 MP: 24/34
 62415 | Swamp:4  | Entered Level 4 of the Swamp
 62711 | Swamp:4  | Got a fine chain mail
 64155 | Swamp:4  | Reached skill level 14 in Earth Magic
 64704 | Swamp:4  | Reached skill level 10 in Evocations
 67179 | Swamp:4  | Got a decaying rune of Zot
 67482 | Lair:2   | Identified the +6 chain mail of Fymaom {*Drain MR++ Str+5} (You found it on level 4 of the Swamp)
 67575 | Spider:1 | Entered Level 1 of the Spider Nest
 67928 | Spider:1 | Got a distressingly furry robe
 67929 | Spider:1 | Identified the +2 robe of Kikubaaqudgha's Regard {+Blink rF++ Str-2 Slay+5} (You found it on level 1 of the Spider Nest)
 68172 | Spider:1 | Noticed Aizul
 68179 | Spider:1 | Killed Aizul
 68491 | Spider:1 | Noticed Josephine
 68493 | Spider:1 | Killed Josephine
 68493 | Spider:1 | Reached XP level 19. HP: 106/116 MP: 4/36
 68666 | Spider:1 | Noticed Louise
 68699 | Spider:1 | Killed Louise
 69016 | Spider:1 | Noticed Donald
 69065 | Spider:1 | Killed Donald
 70895 | Spider:2 | Noticed Arachne
 70903 | Spider:2 | Killed Arachne
 73491 | Spider:4 | Entered Level 4 of the Spider Nest
 73499 | Spider:4 | Reached skill level 10 in Fire Magic
 74309 | Spider:4 | Noticed Mara
 74573 | Spider:4 | Noticed mrath's illusion
 74575 | Spider:4 | Killed Mara
 74575 | Spider:4 | Reached skill level 10 in Dodging
 74776 | Spider:4 | Noticed Jorgrun
 74782 | Spider:4 | Killed Jorgrun
 74984 | Lair:2   | Gained mutation: You evolve. [potion of beneficial mutation]
 75082 | Spider:4 | Gained mutation: You are agile. (Dex +2) [evolution]
 75107 | Spider:4 | Reached XP level 20. HP: 123/123 MP: 23/37
 76550 | Spider:4 | Reached XP level 21. HP: 108/128 MP: 8/39
 77177 | Spider:4 | Got a gossamer rune of Zot
 77613 | Elf:1    | Entered Level 1 of the Elven Halls
 78132 | Elf:1    | Found a flickering gateway to a bazaar.
 78137 | Bazaar   | Entered a bazaar
 78137 | Bazaar   | Found Ahiet's Antique Weapon Shoppe.
 78137 | Bazaar   | Found Wudil's Magic Scroll Shop.
 78148 | Bazaar   | Found Dupia's Armour Shop.
 78185 | Bazaar   | Found Peivuotz's Weapon Shoppe.
 78192 | Bazaar   | Found Tuah's Jewellery Shop.
 78200 | Bazaar   | Bought a +4 ring of intelligence for 162 gold pieces
 78200 | Bazaar   | Bought the ring of the Moon {SustAt +Blink rElec MP+9} for 231 gold pieces
 78222 | Bazaar   | Bought a warped mace for 216 gold pieces
 78232 | Bazaar   | Bought a +3 ring mail of magic resistance for 312 gold pieces
 78232 | Bazaar   | Bought a +1 shield of protection for 198 gold pieces
 78290 | Bazaar   | Bought a scroll of amnesia for 66 gold pieces
 78290 | Bazaar   | Bought a scroll of holy word for 142 gold pieces
 78290 | Bazaar   | Bought 3 scrolls of amnesia for 199 gold pieces
 78290 | Bazaar   | Bought a scroll of fear for 66 gold pieces
 78309 | Bazaar   | Bought an uncursed ring of protection from fire for 150 gold pieces
 78309 | Bazaar   | Bought an uncursed ring of fire for 150 gold pieces
 78549 | Lair:2   | Identified the +9 mace of Agony {flame, rN++ Dex+4 Stlth-} (You bought it in a shop in a bazaar)
 79029 | Elf:1    | Reached skill level 15 in Earth Magic
 82173 | Elf:2    | Found a runed gate.
 82173 | Elf:2    | Found a runed gate.
 82173 | Elf:2    | Found a runed gate.
 82985 | Elf:1    | Gained mutation: You are partially covered in rough black scales. (AC +2, Dex -1) [evolution]
 83365 | Elf:2    | Found a radiant altar of Vehumet.
 84666 | Elf:2    | Reached XP level 22. HP: 132/135 MP: 12/40
 85788 | Elf:3    | Entered Level 3 of the Elven Halls
 85978 | Elf:3    | Found Lapnidie's Antique Armour Emporium.
 85983 | Elf:3    | Bought the +3 crown of Dyrovepreva {rElec Int+2 SInv} for 1531 gold pieces
 86162 | D:12     | Killed Frances
 86419 | Lair:2   | Upgraded the game from 0.19-a0-1111-gcceb26a to 0.19-a0-1127-gac58878
 87532 | Vaults:1 | Entered Level 1 of the Vaults
 91217 | Vaults:2 | Reached skill level 16 in Earth Magic
 91261 | Vaults:2 | Gained mutation: Your movements are slightly less encumbered by armour. (ER -2) [evolution]
 91800 | Vaults:2 | Got a slimy iron amulet
 91878 | Vaults:2 | Reached skill level 15 in Spellcasting
 93777 | D:14     | Reached XP level 23. HP: 116/141 MP: 8/42
 94412 | D:14     | Identified the amulet of Goilumap {Harm *Drain rC+} (You took it off an ironbrand convoker on level 2 of the Vaults)
 95388 | Vaults:2 | Found a staircase to the Crypt.
 95889 | Vaults:2 | Found Wanul's Weapon Emporium.
 95895 | Vaults:2 | Found a portal to a secret trove of treasure.
 96374 | Vaults:3 | Noticed p0werm0de's ghost (adept DsWn)
 96727 | Vaults:3 | Found a gateway to a bazaar.
 96739 | Bazaar   | Entered a bazaar
 96748 | Bazaar   | Found Kaapyn's Antique Weapon Shoppe.
 96759 | Bazaar   | Found Viqawneh's Antique Weapon Emporium.
 96778 | Bazaar   | Found Geus's Antique Armour Emporium.
 96789 | Bazaar   | Found Ruconag's Antique Armour Shoppe.
 96794 | Bazaar   | Bought a shiny shield for 166 gold pieces
 96814 | Bazaar   | Bought a pair of runed gloves for 103 gold pieces
 97143 | Lair:2   | Identified 3 scrolls of acquirement
 97144 | Lair:2   | Identified the Disquisition on Attacks (You acquired it on level 2 of the Lair of Beasts)
 97160 | Lair:2   | Learned a level 6 spell: Bolt of Cold
104109 | Vaults:4 | Reached XP level 24. HP: 143/148 MP: 38/42
104708 | Vaults:4 | Reached skill level 17 in Earth Magic
104847 | Vaults:4 | Found Qitt's Antique Armour Shoppe.
105172 | Vaults:4 | Reached skill level 15 in Conjurations
106674 | Depths:1 | Entered Level 1 of the Depths
106911 | D:15     | Reached skill level 15 in Shields
107113 | Depths:1 | Found a gateway to Hell.
107259 | Depths:1 | Found Linefoal's Antique Artefacts.
107290 | Depths:1 | Reached skill level 15 in Armour
107331 | Depths:1 | Found a magical portal.
107402 | WizLab   | Entered The Chambers of the Cloud Mage
109100 | WizLab   | Identified Omuleekurgh's Catalogue of Feathers
109107 | WizLab   | Identified Ofuriz's Handbook of Lightness
109766 | Depths:1 | Gained mutation: You are partially covered in iridescent scales. (AC +2) [evolution]
109766 | Depths:1 | Lost mutation: You evolve. [end of evolution]
110582 | Depths:1 | Found a one-way gate to the infinite horrors of the Abyss.
111454 | Depths:2 | Found Uboskep's Jewellery Shop.
111639 | Depths:2 | Found a gateway to a ziggurat.
111813 | Depths:2 | Reached skill level 18 in Earth Magic
113698 | Depths:3 | Reached XP level 25. HP: 154/154 MP: 43/43
114187 | Depths:1 | Bought a scorched zirconium amulet for 165 gold pieces
114187 | Depths:1 | Bought an ichor-stained ring mail for 297 gold pieces
114187 | Depths:1 | Bought a warped platinum ring for 165 gold pieces
114187 | Depths:1 | Identified the +5 ring mail "Lemaif" {rC+ rCorr Dex+2 Stlth+} (You bought it in a shop on level 1 of the Depths)
114188 | Depths:1 | Identified the amulet "Levul" {Faith rF+ Dex-5 SInv} (You bought it in a shop on level 1 of the Depths)
114189 | Depths:1 | Identified the ring of Alum {rN+ AC+4 Stlth+} (You bought it in a shop on level 1 of the Depths)
114311 | Depths:1 | Bought an encrusted ring mail for 297 gold pieces
114311 | Depths:1 | Identified the +5 ring mail "Bogecet" {Int+3 Stlth+} (You bought it in a shop on level 1 of the Depths)
115658 | Depths:3 | Found a one-way gate leading to the halls of Pandemonium.
115666 | Depths:3 | Reached skill level 19 in Earth Magic
117903 | Lair:2   | Upgraded the game from 0.19-a0-1127-gac58878 to 0.19-a0-1155-gb6eeeff
117918 | Lair:2   | Learned a level 5 spell: Bolt of Draining
117943 | Lair:2   | Learned a level 5 spell: Venom Bolt
119167 | Depths:3 | Noticed a juggernaut
119377 | Depths:2 | Reached skill level 20 in Earth Magic
120994 | Elf:3    | Got a scintillating marble ring
121160 | Elf:3    | Got a twisted hand axe {chop}
121338 | Elf:3    | Identified the ring of Disaster {MR+ Str-5 Int+2 Stlth+} (You took it off a deep elf blademaster on level 3 of the Elven Halls)
121351 | Elf:3    | Learned a level 9 spell: Shatter
121651 | Elf:3    | Identified a +2 pair of boots of running (You found it on level 3 of the Elven Halls)
121760 | Elf:3    | Got an ebony quarterstaff {elec}
121766 | Elf:3    | Identified the +10 quarterstaff of Indomitability {elec, rPois} (You took it off a deep elf annihilator on level 3 of the Elven Halls)
121773 | Elf:3    | Identified the +11 hand axe of the Stork {chop, Stlth+} (You took it off a deep elf sorcerer on level 3 of the Elven Halls)
122373 | Vaults:4 | Bought a distressingly furry ring mail for 378 gold pieces
122383 | Vaults:4 | Identified the cursed +1 ring mail of Odum {Slay+5} (You bought it in a shop on level 4 of the Vaults)
122384 | Vaults:4 | Bought a spiked ring mail for 378 gold pieces
122394 | Vaults:4 | Identified the +5 ring mail of Sonaupev {rC+ Str+3} (You bought it in a shop on level 4 of the Vaults)
122442 | Vaults:5 | Entered Level 5 of the Vaults
122450 | Vaults:5 | Reached XP level 26. HP: 119/160 MP: 41/45
123083 | Vaults:4 | Reached skill level 15 in Fighting
123155 | Vaults:5 | Noticed an ancient lich
123167 | Vaults:4 | HP: 5/160 [acid (12)]
123855 | Vaults:4 | Killed an ancient lich
124518 | Vaults:5 | Reached skill level 5 in Maces & Flails
125054 | Vaults:4 | Reached skill level 21 in Earth Magic
126996 | Vaults:5 | Reached XP level 27. HP: 166/166 MP: 19/45
127005 | Vaults:5 | Got an ancient mace {flame}
127029 | Vaults:5 | Noticed an ancient lich
127033 | Vaults:5 | Killed an ancient lich
127260 | Vaults:5 | Got a scorched chain mail
128328 | Vaults:5 | Got a slimy scale mail
128773 | Vaults:5 | Got a silver rune of Zot
129176 | Vaults:4 | Identified the +8 scale mail of Grot {MR+ Regen+} (You found it on level 5 of the Vaults)
129504 | Lair:2   | Identified the +5 mace of Victory {flame, rN+} (You took it off an ironbrand convoker on level 5 of the Vaults)
129512 | Lair:2   | Upgraded the game from 0.19-a0-1155-gb6eeeff to 0.19-a0-1166-g02d67b9
131118 | Depths:3 | Killed a juggernaut
132280 | Depths:3 | Noticed a juggernaut
132596 | Depths:3 | Killed a juggernaut
133397 | Depths:3 | Noticed a juggernaut
133482 | Depths:3 | Killed a juggernaut
133780 | Depths:3 | Noticed a juggernaut
134380 | Depths:3 | Noticed a juggernaut
134850 | Depths:3 | Killed a juggernaut
135705 | D:15     | Upgraded the game from 0.19-a0-1166-g02d67b9 to 0.19-a0-1168-g98094fc
137112 | Depths:3 | Got a crude brass amulet
137643 | Depths:4 | Found a corrupted altar of Lugonu.
138018 | Depths:4 | Found Sudghos's Jewellery Shoppe.
138018 | Depths:4 | Found Lughakod's Gadget Boutique.
138019 | Depths:4 | Found Paoxod's Jewellery Shoppe.
138174 | Depths:4 | Noticed Sojobo
138620 | Depths:4 | Killed Sojobo
140078 | Depths:5 | Entered Level 5 of the Depths
140433 | Lair:2   | Identified the amulet of Atevvube {+Fly rElec rN+++ Regen+ Str-5} (You took it off a tengu warrior on level 3 of the Depths)
143419 | Depths:5 | Found a shimmering altar of Xom.
143995 | Depths:5 | Noticed a juggernaut
144000 | Depths:5 | Killed a juggernaut
144474 | Depths:5 | Reached skill level 22 in Earth Magic
145398 | Depths:5 | Found a gate to the Realm of Zot.
145559 | Zot:1    | Entered Level 1 of the Realm of Zot
145733 | Zot:1    | Got a spiked chain mail
145747 | Zot:1    | Got a faintly glowing shortbow
145824 | Zot:1    | Got a crude ring mail
146229 | Zot:1    | Got a polished helmet
146276 | Zot:1    | Noticed an orb of fire
146288 | Zot:1    | Gained mutation: You are frail. (-10% HP) [an orb of fire]
146304 | Zot:1    | Gained mutation: You are dopey. (Int -2) [an orb of fire]
146308 | Zot:1    | Gained mutation: You occasionally shout uncontrollably at your foes. [an orb of fire]
146313 | Zot:1    | Killed from afar by an orb of fire

Vault maps used:
D:1:      mushboom_english_gardens
D:2:      kennysheep_vampire_church, roderic_serpentine_path
D:3:      gammafunk_temple_overflow_statue, first_bread
D:4:      kennysheep_mini_moat, fedhas_altar_3, serial_bayou_pond_b,
          uniq_duvessa
D:5:      amethyst_overflow_temple_binary
D:7:      nicolae_gozag_cash_rules_everything_around_me, amethyst_killhole
D:9:      led_sif_book, nicolae_ru_awakened_eye, uniq_erolcha, uniq_psyche,
          uniq_gastronok, uniq_grum
D:10:     basic_altar, hangedman_fish_farm
D:11:     kennysheep_ambush_hall, dpeg_lair_monsters, minmay_protected_statue
D:12:     minmay_elf_outpost, kennysheep_orc_monster_closet_entryway,
          kennysheep_potato, uniq_frances
D:13:     serial_shops, shop
D:14:     david_vaults_2, bh_walls_and_bars, serial_bayou_lake_a
D:15:     grunt_enter_depths_hoard, grunt_decor_cap, hangedman_feature_mirror,
          minivault_23
Temple:   nicolae_temple_hex_pool
Lair:1:   uniq_joseph
Lair:2:   nicolae_swamp_entry_splash_gauntlet
Lair:3:   nicolae_spider_entry_tight_spaces
Lair:6:   gammafunk_lair_ancient_temple, dpeg_slime_entry_enclosed_altar
Swamp:1:  evilmike_swamp_ruin_house_2, swamp_pool4, infiniplex_staircase_pool,
          uniq_nikola, uniq_kirke
Swamp:2:  evilmike_swamp_ruin_rubble_1, swamp_pool1
Swamp:3:  cheibrodos_swamp_heart_of_darkness, evilmike_swamp_ruin_house_5
Swamp:4:  swamp_basic_johnstein, swamp_pool5
Spider:1: spiders_nest_wasp_nest, uniq_aizul, uniq_josephine, uniq_donald,
          uniq_louise
Spider:2: uniq_arachne
Spider:4: grunt_spider_rune_circles, uniq_jorgrun, uniq_mara
Orc:1:    nicolae_volcano_entry_hallway, uniq_fannar
Orc:2:    st_orc_ogre_mass
Elf:1:    serial_shops, bzr_entry_road, hangedman_elf_disciples,
          corexii_checkpoint_a
Elf:2:    basic_altar
Elf:3:    minmay_elf_hall_quartered_circle, serial_shops, shop
Vaults:1: grunt_vaults_bifocal, serial_ice_m, nicolae_vaults_ring_of_whatevers,
          hangedman_vaults_restitches, v_misc_1, hangedman_vaults_impose,
          nicolae_vaults_stairing_the_circle, vaults_room_door_hall,
          vaults_dpeg_diagonal
Vaults:2: nicolae_vaults_alarming, minmay_crypt_entry_simple_box, st_lines,
          vaults_room_fours, hangedman_vaults_stagger, v_misc_27,
          v_alt_pattern_3, v_pattern_1, ontoclasm_vaults_hangar,
          vaults_mumra_hex, nicolae_trove_entry_crossroad, serial_shops,
          nicolae_shop_temple_entry_statues_fountains
Vaults:3: v_misc_26, nicolae_vaults_shelves_hall,
          nicolae_vaults_good_morning_starshine, grunt_vaults_hallway_short,
          grunt_vaults_swirl, nicolae_vaults_border_crossing,
          nicolae_vaults_little_squares_3, vaults_dpeg_hooks, serial_shops,
          statue_bzr
Vaults:4: ontoclasm_vaults_ring_small, ontoclasm_vaults_spin,
          nicolae_vaults_big_ls, v_misc_17, grunt_vaults_hallway_long,
          nicolae_vaults_little_ls, v_misc_19, nicolae_vaults_know_your_exits,
          hangedman_vaults_trim, serial_shops, nicolae_shop_waterfront
Depths:1: abyss_entry_crystal, mu_enter_wizlab_6, minmay_misc_feat_more_columns,
          hangedman_geh_valley, grunt_decor_mini_mirrors, serial_bayou_pond_b,
          minmay_misc_feat_diagonals, grunt_decor_resistance,
          minmay_misc_feat_x, nicolae_antique_artefacts
Depths:2: lemuel_troll_bridge, enter_ziggurat_e, serial_sigils,
          serial_sigils_hangedman_quiver, serial_sigils_hangedman_scar,
          serial_sigils_hangedman_quiver, serial_sigils_hangedman_shear,
          hell_entry, serial_shops, shop, minmay_fountain_box
Depths:3: gammafunk_depths_water_palace, pf_coc_iceberg, rand_demon_pan_entry_3,
          abyss_entry, minivault_16
Depths:4: kennysheep_windowed_halls, minmay_misc_feat_alley,
          abyss_entry_flame_altar, lightli_too_deep, hangedman_aviary,
          minmay_shop_grove, minmay_staircase_windowed_small,
          serial_bayou_shore_a, serial_bayou_shore_b, grunt_megastairs_4,
          uniq_sojobo
Depths:5: grunt_zot_entry_tricorne, nicolae_sextant, hell_entry,
          minmay_door_square, tgw_xom, serial_bayou_shore_b,
          infiniplex_staircase_pool_lava
Zot:1:    st_single_dragon_hoard_1
Bazaar:   bazaar_kb_twisted_cavern, bazaar_minmay_armour_weapon
Volcano:  volcano_grotto
WizLab:   wizlab_cloud

Skill      XL: |  1  2  3  4  5  6  7  8  9 10 11 12 13 14 15 16 17 18 19 20 21 22 23 24 25 26 27 |
---------------+----------------------------------------------------------------------------------+-----
Earth Magic    | 4 5 6 7 8 9 10 11 12 13 14 15 16 18 20 21 22 | 22.1
Spellcasting   | 3 4 5 6 7 8 9 10 11 12 13 14 15 16 18 19 | 19.3
Conjurations   | 1 2 3 4 5 6 7 8 9 10 11 12 13 14 15 16 | 16.8
Fighting       | 2 3 5 7 8 9 10 11 12 13 14 15 18 | 18.1
Armour         | 2 3 5 6 7 8 9 10 11 12 13 14 15 16 | 16.7
Dodging        | 2 3 4 5 6 7 8 9 10 11 12 13 | 13.4
Shields        | 2 3 4 6 7 8 9 10 11 12 13 14 15 17 | 17.1
Evocations     | 1 3 4 5 6 7 8 9 10 11 12 13 14 | 14.3
Fire Magic     | 2 5 6 7 8 9 10 11 12 13 14 | 14.9
Maces & Flails | 2 3 6 9 |  9.4
Stealth        | |  2.1
Transmutations | |  0.7

Action                   |  1- 3 |  4- 6 |  7- 9 | 10-12 | 13-15 | 16-18 | 19-21 | 22-24 | 25-27 || total
-------------------------+-------+-------+-------+-------+-------+-------+-------+-------+-------++-------
Melee: Dagger            |     4 |       |       |       |       |       |       |       |       ||     4
       Whip              |    26 |       |       |       |       |       |       |       |       ||    26
       Short sword       |       |    44 |    19 |       |       |    19 |       |       |       ||    82
       Mace              |       |       |    38 |    14 |       |       |    44 |   229 |    90 ||   415
       Flail             |       |       |    51 |   167 |   181 |    10 |     1 |       |       ||   410
       Staff             |       |       |       |       |    88 |    31 |     8 |     6 |     6 ||   139
       Eveningstar       |       |       |       |       |     3 |       |       |       |       ||     3
       War axe           |       |       |       |       |       |   134 |    11 |    57 |    58 ||   260
       Lance             |       |       |       |       |       |     7 |       |       |       ||     7
       Demon trident     |       |       |       |       |       |       |    34 |       |       ||    34
Throw: Tomahawk          |     1 |       |     1 |     2 |     3 |     1 |     2 |       |       ||    10
       Javelin           |       |       |       |       |       |       |       |     1 |     5 ||     6
 Cast: Sandblast         |    82 |   109 |    30 |     2 |       |       |       |     1 |       ||   224
       Stone Arrow       |       |    24 |   151 |   432 |   967 |   655 |   277 |   325 |    60 ||  2891
       Magic Dart        |       |       |       |    15 |     2 |       |       |     1 |       ||    18
       Lee's Rapid Decon |       |       |       |     3 |    24 |    79 |    62 |    50 |   107 ||   325
       Iskenderun's Myst |       |       |       |     6 |    49 |    24 |    24 |    92 |    27 ||   222
       Mephitic Cloud    |       |       |       |     6 |    13 |     9 |     8 |    25 |    14 ||    75
       Bolt of Fire      |       |       |       |       |    28 |    49 |    15 |   117 |    40 ||   249
       Iron Shot         |       |       |       |       |    38 |   469 |   406 |   783 |   910 ||  2606
       Bolt of Cold      |       |       |       |       |       |       |       |    15 |    39 ||    54
       Bolt of Draining  |       |       |       |       |       |       |       |       |    89 ||    89
       Venom Bolt        |       |       |       |       |       |       |       |       |     2 ||     2
       Shatter           |       |       |       |       |       |       |       |       |     1 ||     1
 Abil: Fly               |       |       |       |       |     2 |       |       |     1 |     3 ||     6
       Stop Flying       |       |       |       |       |     1 |       |       |     1 |     4 ||     6
Evoke: Wand              |       |       |       |       |       |       |       |       |     2 ||     2
       Rod               |       |       |       |       |       |       |       |       |     1 ||     1
  Use: Scroll            |       |     1 |     6 |     5 |    17 |    14 |     5 |     4 |    19 ||    71
       Potion            |       |       |       |       |     1 |     1 |     6 |     1 |    14 ||    23
 Stab: Sleeping          |       |       |     1 |       |       |       |       |       |       ||     1
       Confused          |       |       |       |     1 |       |       |       |       |       ||     1
       Distracted        |       |       |       |       |     1 |       |       |       |       ||     1
  Eat: Chunk             |     5 |     9 |    24 |    36 |    60 |    55 |    26 |    84 |    64 ||   363
       Royal jelly       |       |       |     1 |       |       |     1 |       |     1 |     1 ||     4
       Pizza             |       |       |     1 |     1 |     1 |     1 |       |     1 |     4 ||     9
       Fruit             |       |       |       |     1 |     4 |     1 |     1 |     6 |    10 ||    23
       Beef jerky        |       |       |       |       |     3 |     4 |       |       |     2 ||     9
       Bread ration      |       |       |       |       |       |     2 |     2 |     2 |     1 ||     7
       Meat ration       |       |       |       |       |       |     1 |     3 |       |     3 ||     7
Armor: Robe              |    21 |    77 |    95 |   215 |   426 |   317 |   148 |       |       ||  1299
       Ring mail         |       |       |       |       |       |       |    58 |   533 |   610 ||  1201
Dodge: Dodged            |    47 |   108 |   144 |   305 |   607 |   424 |   235 |   548 |   536 ||  2954
Block: Buckler           |       |       |       |    13 |   541 |   379 |   107 |       |       ||  1040
       Reflection        |       |       |       |       |     6 |    18 |    39 |   134 |    96 ||   293
       Shield            |       |       |       |       |       |       |   184 |  1039 |   942 ||  2165
